 Dungeon Crawl Stone Soup version 0.24-a0-10-gb84795d (console) character file.

Game seed: 8027630180246539222

6326 Voker57 the Carver (level 10, -2/73 HPs)
             Began as a Demonspawn Gladiator on Jan 31, 2019.
             Was a Priest of Hepliaklqana.
             Killed from afar by an electric eel (11 damage)
             ... with a bolt of electricity
             ... on level 9 of the Dungeon.
             The game lasted 00:14:57 (8203 turns).

Voker57 the Carver (Demonspawn Gladiator)           Turns: 8203, Time: 00:14:58

Health: -2/73      AC: 15    Str: 24    XL:     10   Next: 64%
Magic:  10/10      EV: 17    Int:  9    God:    Hepliaklqana [***...]
Gold:   526        SH:  0    Dex: 18    Spells: 9/9 levels left

rFire    + . .     SeeInvis +   a - +0 long sword
rCold    + . .     Gourm    .   (no shield)
rNeg     + . .     Faith    .   F - +4 ring mail of the Castellan {*Corrode rN+ MR+ Str+4}
rPois    .         Spirit   .   c - +0 helmet
rElec    .         Reflect  .   p - +0 cloak
rCorr    +         Harm     .   (no gloves)
MR       +....                  (no boots)
Stlth    +.........             (no amulet)
HPRegen  0.22/turn              d - ring of see invisible
MPRegen  0.12/turn              z - ring of protection from cold

@: mighty
A: reduced essence, talons 2, yellow scales 3, fire resistance 1
a: Ancestor Life: Knight, Ancestor Life: Battlemage, Ancestor Life: Hexer,
Recall Ancestor, Ancestor Identity, Transference, Renounce Religion


You were on level 9 of the Dungeon.
You worshipped Hepliaklqana.
Hepliaklqana was most pleased with you.
You were not hungry.

You visited 1 branch of the dungeon, and saw 9 of its levels.

You collected 526 gold pieces.

Inventory:

Hand Weapons
 a - a +0 long sword (weapon)
Missiles
 h - 6 curare-tipped needles
 J - 14 tomahawks of dispersal
 L - a throwing net (quivered)
Armour
 b - a +0 leather armour
 c - a +0 helmet (worn)
 n - a +0 pair of boots
 p - a +0 cloak (worn)
 x - a +2 leather armour of magic resistance
 F - the +4 ring mail of the Castellan (worn) {*Corrode rN+ MR+ Str+4}
   (You took it off an orc on level 4 of the Dungeon)

   It affects your strength (+4).
   It protects you from negative energy.
   It affects your resistance to hostile enchantments.
   It may corrode you when you take damage.
 I - a +1 ring mail of cold resistance
Jewellery
 d - a ring of see invisible (left hand)
 q - an uncursed ring of magical power
 z - a ring of protection from cold (right hand)
 A - an uncursed ring of protection from magic
 E - an uncursed ring of protection from magic
 O - an uncursed ring of protection from magic
Wands
 v - a wand of disintegration (26)
 y - a wand of digging (3)
 H - a wand of iceblast (4)
 K - a wand of flame (23)
 M - a wand of random effects (22)
Scrolls
 g - 6 scrolls of identify
 i - 7 scrolls of teleportation {unknown}
 l - 3 scrolls of fog {unknown}
 r - 6 scrolls of noise {unknown}
 t - a scroll of random uselessness {unknown}
 u - 4 scrolls of remove curse {unknown}
 B - 2 scrolls of enchant weapon {unknown}
 C - 2 scrolls of blinking {unknown}
 G - a scroll of enchant armour {unknown}
Potions
 e - 3 potions of flight {unknown}
 j - 3 potions of might
 k - 4 potions of heal wounds {unknown}
 m - a potion of magic {unknown}
 o - 2 potions of curing {unknown}
 s - a potion of berserk rage {unknown}
 w - a potion of brilliance {unknown}
 D - 2 potions of lignification {unknown}
Comestibles
 f - 24 rations
 N - 3 chunks of flesh


   Skills:
 + Level 8.4 Fighting
 * Level 10.8 Long Blades
 - Level 1.7 Throwing
 + Level 8.0 Dodging


You had 9 spell levels left.
You didn't know any spells.
Your spell library contained the following spells:

 Spells                   Type           Power        Failure   Level  Hunger
 Corona                   Hex            #......      54%         1    ##.....
 Ensorcelled Hibernation  Hex/Ice        #.....       67%         2    ###....
 Confuse                  Hex            #.......     88%         3    ####...
 Dazzling Spray           Conj/Hex       #.....       88%         3    ####...
 Tukima's Dance           Hex            #.......     88%         3    ####...


Dungeon Overview and Level Annotations

Branches:
Dungeon (9/15)             Temple (0/1) D:7
   Lair: D:8-11         Orc: D:9-12

Altars:
Elyvilon
Gozag
Hepliaklqana
Makhleb
Okawaru
Qazlal
Ru
Sif Muna
Uskayaw
Vehumet
Yredelemnul


Innate Abilities, Weirdness & Mutations

You have razor-sharp toenails.
You are completely covered in yellow scales. (AC +4, rCorr)
Your flesh is heat resistant. (rF+)
Your life essence is reduced to manifest your ancestor. (-10% HP)


Message History

The bolt of electricity hits you.
* * * LOW HITPOINT WARNING * * *
What are your orders? t - Shout!
Orders for allies: a - Attack new target. r - Retreat! s - Stop attacking. g - Guard the area. f - Follow me.
Anything else - Cancel.
Gang up on whom?
Press: ? - help, Dir - move target cursor, f - electric eel
Aim: an electric eel (water) Attack!
The electric eel shoots out a bolt of lightning at you!
The bolt of electricity hits you!
* * * LOW HITPOINT WARNING * * *
It was a potion of might.
You feel very mighty all of a sudden.
The electric eel shoots out a bolt of lightning at you!
The bolt of electricity hits Nomusa!
The bolt of electricity hits you!
You die...

....# ....# ....#
....#
....############
................
######..###########
#..##≈≈≈≈....##
#.##†########.##
#.#.##≈(...@##≈#
######.#.#≈≈[PP...#≈#
.......#.#≈"≈†R...#.#
.....<.#.#≈≈;PP..'#.#
......##≈##≈..P..#..#
#######≈##########≈##
#≈##≈.≈...##≈†#
#≈#≈≈[.P...#≈##
#.#≈[......#.#
#.#≈≈.≈≈..R#.#


You could see the friendly Nomusa the ancestor and an electric eel.

Vanquished Creatures
  Pikel (D:5)
  A hornet (D:8)
  A hippogriff (D:8)
  A wyvern (D:8)
  A vampire mosquito (D:9)
  A black bear (D:8)
  4 ice beasts
  An orc warrior (D:6)
  A phantom (D:8)
  A sky beast (D:7)
  5 ogres
  2 centaurs
  2 big kobolds
  7 bullfrogs
  6 killer bees (D:9)
  5 electric eels (D:9)
  A bullfrog zombie (D:2)
  A quasit (D:8)
  2 hounds
  2 jellies
  An orc priest (D:6)
  A gnoll shaman (D:5)
  2 iguanas
  10 orc wizards
  5 worker ants
  A killer bee zombie (D:6)
  4 gnolls (D:5)
  11 adders
  An ooze (D:4)
  An adder skeleton (D:6)
  A worm (D:2)
  2 dart slugs
  6 leopard geckos
  24 orcs
  8 bats
  4 giant cockroaches
  6 goblins
  5 hobgoblins
  18 jackals
  2 quokkas
  3 ball pythons
  9 frilled lizards
  9 kobolds
  A rat (D:3)
181 creatures vanquished.

Vanquished Creatures (collateral kills)
  Psyche (D:9)
  Joseph (D:7)
  A komodo dragon (D:5)
  Grinder (D:4)
  A meliai zombie (D:9)
  An ogre (D:4)
  2 phantoms (D:5)
  2 sky beasts
  A big kobold (D:7)
  A bullfrog (D:7)
  A howler monkey (D:4)
  A bullfrog skeleton (D:4)
  An adder (D:6)
  4 orcs
  4 jackals
  3 kobolds (D:8)
26 creatures vanquished.

Vanquished Creatures (others)
  An ogre (D:5)
  2 slaves (D:5)
  An iguana (D:5)
  An ancestor (D:9)
  A howler monkey zombie (D:5)
  An adder skeleton (D:5)
7 creatures vanquished.

Grand Total: 214 creatures vanquished

Notes
Turn   | Place    | Note
-------+----------+-------------------------------------------
     0 | D:1      | Voker57 the Demonspawn Gladiator began the quest for the
                  | Orb.
     0 | D:1      | Reached XP level 1. HP: 16/16 MP: 1/1
    64 | D:1      | Reached skill level 3 in Long Blades
    64 | D:1      | Gained mutation: You are partially covered in yellow
                  | scales. (AC +2) [demonic ancestry]
    64 | D:1      | Reached XP level 2. HP: 21/22 MP: 2/2
   470 | D:1      | Gained mutation: You have sharp toenails. [demonic
                  | ancestry]
   470 | D:1      | Reached XP level 3. HP: 25/28 MP: 3/3
  1226 | D:2      | Found a white marble altar of Elyvilon.
  1550 | D:2      | Gained mutation: Your flesh is heat resistant. (rF+)
                  | [demonic ancestry]
  1550 | D:2      | Reached XP level 4. HP: 34/34 MP: 4/4
  1713 | D:2      | Found an iron altar of Okawaru.
  1997 | D:2      | Reached skill level 4 in Long Blades
  2512 | D:3      | Reached XP level 5. HP: 41/41 MP: 5/5
  3229 | D:3      | Found a hazy altar of Hepliaklqana.
  3233 | D:3      | Became a worshipper of Hepliaklqana the Forgotten
  3295 | D:4      | You fall through a shaft for 2 floors!
  3296 | D:6      | Noticed an orc warrior
  3308 | D:6      | Killed an orc warrior
  3308 | D:6      | Gained mutation: You are mostly covered in yellow scales.
                  | (AC +3) [demonic ancestry]
  3308 | D:6      | Reached XP level 6. HP: 39/42 MP: 4/6
  3328 | D:6      | Found a deep blue altar of Sif Muna.
  3336 | D:6      | Reached skill level 5 in Long Blades
  3451 | D:6      | Noticed a sky beast
  3459 | D:6      | Killed a sky beast
  3480 | D:6      | Gained mutation: You have razor-sharp toenails. [demonic
                  | ancestry]
  3480 | D:6      | Reached XP level 7. HP: 41/48 MP: 7/7
  3875 | D:6      | Reached * piety under Hepliaklqana
  4217 | D:6      | Reached skill level 6 in Long Blades
  4610 | D:7      | Reached skill level 5 in Fighting
  4610 | D:7      | Reached skill level 5 in Dodging
  4610 | D:7      | Gained mutation: You are completely covered in yellow
                  | scales. (AC +4, rCorr) [demonic ancestry]
  4610 | D:7      | Reached XP level 8. HP: 55/55 MP: 8/8
  4657 | D:7      | Found a staircase to the Ecumenical Temple.
  4721 | D:5      | Entered Level 5 of the Dungeon
  4723 | D:5      | Noticed Pikel
  4737 | D:5      | Killed Pikel
  4737 | D:5      | Reached skill level 7 in Long Blades
  5074 | D:5      | Reached skill level 8 in Long Blades
  5082 | D:5      | Noticed a komodo dragon
  5097 | D:5      | Found a sacrificial altar of Ru.
  5171 | D:4      | Reached XP level 9. HP: 30/62 MP: 7/9
  5341 | D:4      | Identified the +4 ring mail of the Castellan {*Corrode rN+
                  | MR+ Str+4}
  5472 | D:4      | Reached ** piety under Hepliaklqana
  5476 | D:4      | Noticed Grinder
  5498 | D:4      | Killed Grinder
  5526 | D:4      | Found a stormy altar of Qazlal.
  5530 | D:4      | Found a hide-covered altar of Uskayaw.
  5531 | D:4      | Found a burning altar of Makhleb.
  5793 | D:5      | Killed a komodo dragon
  6044 | D:5      | Reached skill level 9 in Long Blades
  6166 | D:5      | Found a basalt altar of Yredelemnul.
  6666 | D:7      | Noticed Joseph
  6689 | D:7      | Killed Joseph
  6949 | D:7      | Reached XP level 10. HP: 58/71 MP: 10/10
  7218 | D:8      | Reached skill level 10 in Long Blades
  7253 | D:8      | Paralysed by a hornet for 1 turns
  7493 | D:8      | Reached *** piety under Hepliaklqana
  7602 | D:8      | Found a radiant altar of Vehumet.
  7664 | D:8      | Found an opulent altar of Gozag.
  8002 | D:9      | Noticed Psyche
  8013 | D:9      | Killed Psyche
  8203 | D:9      | Killed from afar by an electric eel

Vault maps used:
D:1:      shiori_arrival_elements
D:2:      minmay_wonky_spiral, kennysheep_okawaru_gauntlet, elyvilon_altar_1
D:3:      marbit_many_paths, minmay_misc_feat_rugged
D:4:      grunt_temple_overflow_open, uniq_grinder
D:5:      nicolae_overflow_crystal_walls, yredelemnul_altar_generic,
          first_ration, uniq_pikel
D:6:      kennysheep_orc_sif_temple, serial_glass, glass_columns_b,
          glass_columns_a, lemuel_flame_loot_1
D:7:      minmay_temple_entry_drinking_statues, minmay_unpleasant_kobolds,
          uniq_joseph
D:8:      lemuel_doored_altar, kennysheep_mini
D:9:      cheibrodos_two_vegetables, kennysheep_mini_moat,
          lightli_temple_of_fire, serial_shops, shop,
          nicolae_shop_competitors_out_of_business,
          nicolae_shop_temple_entry_statues_fountains, nicolae_shop_statue_plus,
          shop, uniq_psyche, uniq_prince_ribbit1

Skill      XL: |  1  2  3  4  5  6  7  8  9 10 |
---------------+-------------------------------+-----
Long Blades    | 3 4 5 6 8 9 10 | 10.8
Dodging        | 3 4 5 6 7 8 |  8.0
Fighting       | 3 4 5 6 7 8 |  8.4
Throwing       | |  1.7

Action                   |  1- 3 |  4- 6 |  7- 9 | 10-12 || total
-------------------------+-------+-------+-------+-------++-------
Melee: Long sword        |    90 |   102 |   280 |    95 ||   567
       Kick              |    16 |    39 |   109 |    52 ||   216
Throw: Throwing net      |       |     3 |       |     1 ||     4
       Tomahawk          |       |       |       |     1 ||     1
Invok: Recall Ancestor   |       |     1 |     1 |       ||     2
Evoke: Wand              |       |     1 |     3 |     8 ||    12
  Use: Scroll            |       |       |     3 |     3 ||     6
       Potion            |       |       |       |     1 ||     1
 Stab: Sleeping          |     2 |     1 |       |       ||     3
       Distracted        |       |       |     1 |       ||     1
  Eat: Chunk             |     1 |     7 |    12 |     4 ||    24
Armor: Leather armour    |    31 |    44 |    86 |       ||   161
       Ring mail         |       |       |     7 |    41 ||    48
Dodge: Dodged            |    73 |    74 |   217 |    86 ||   450
       Rpst.: Long sword |    21 |    25 |    71 |    25 ||   142

Table legend:
 A = Non-vault XP
 B = Vault XP
 C = Vault XP percentage of total XP
 D = Non-vault monster count
 E = Vault monster count
 F = Vault count percentage of total count
                 A         B        C        D         E       F
            +---------+---------+-------+---------+---------+-------
      Total |    6193 |    2845 |  31.5 |     181 |      26 |  12.6
            +---------+---------+-------+---------+---------+-------
        D:1 |      51 |       0 |   0.0 |      26 |       0 |   0.0
        D:2 |     120 |       6 |   4.8 |      17 |       3 |  15.0
        D:3 |      78 |      13 |  14.3 |      18 |       1 |   5.3
        D:4 |     487 |     281 |  36.6 |      29 |       1 |   3.3
        D:5 |    1196 |     651 |  35.2 |      21 |       1 |   4.5
        D:6 |     794 |     292 |  26.9 |      20 |       5 |  20.0
        D:7 |     984 |     654 |  39.9 |      17 |       7 |  29.2
        D:8 |    1838 |       0 |   0.0 |      23 |       0 |   0.0
        D:9 |     645 |     948 |  59.5 |      10 |       8 |  44.4
            +---------+---------+-------+---------+---------+-------
